 Dungeon Crawl Stone Soup version 0.31.0-11-ge490571c62 (webtiles) character file.

Game seed: 11981525046786209428

1671089 Sobieck the Wrestler (level 27, 366/366 HPs)
             Began as a Naga Shapeshifter on Jan 27, 2024.
             Was the Champion of Okawaru.
             Escaped with the Orb
             ... and 3 runes!
             The game lasted 03:59:57 (70636 turns).

Sobieck the Wrestler (Naga Shapeshifter)           Turns: 70636, Time: 03:59:58

Health: 366/366    AC: 35    Str: 31    XL:     27
Magic:  41/41      EV: 13    Int:  7    God:    Okawaru [******]
Gold:   5803       SH: 30    Dex: 14    Spells: 23/26 levels left

rFire   + +          .
                       - Unarmed
rCold   + + .        I - +8 tower shield {reflect}
rNeg    + + +        z - melded +3 leather armour of Fashionability {Int+3}
rPois   ∞            o - +1 helmet "Manya" {Will++}
rElec   +            F - scarf {rC+ rF+}
rCorr   +            j - melded +1 pair of gloves {hurl}
SInv    +            S - melded +3 barding of Yhoix {MP-9 Str+6 Int+5}
Will    +++++        N - amulet "Iddacurph" {Spirit rElec rN+}
Stlth   ++           y - ring "Vodamy" {rF+ rN+ MP+9 Str+3 Int-4}
HPRegen 0.81/turn    q - ring of Ewadanga {rC+ rCorr MP+9 Dex+3 Stlth+}
MPRegen 0.27/turn

%: reflection, guardian spirit
@: statue-form, studying Axes, very slow
A: slow and powerful, torment resistance 1, boosted hp, AC +9, large, see
invisible, deformed body, poison resistance, (slowness 2), spit poison 1, naga
tail 2, deterioration 1, dopey 1, low MP 3, inhibited regeneration, subdued
magic 2, persistent drain
0: Orb of Zot
}: 3/15 runes: decaying, serpentine, silver
a: Spit Poison, Begin Untransformation, Renounce Religion, Heroism, Finesse,
Duel, Receive Weapon, Receive Armour


You escaped.
You worshipped Okawaru.
Okawaru was exalted by your worship.
You were a living statue of rough stone.
You visited 11 branches of the dungeon, and saw 51 of its levels.
You visited the Abyss 1 time.
You also visited: Trove, Gauntlet and Desolation.

You collected 8808 gold pieces.
You spent 3005 gold pieces at shops.

Inventory:

Missiles
 t - 22 boomerangs
 v - 31 javelins
 x - 22 silver javelins (quivered) {god gift}
Armour
 j - a +1 pair of gloves of hurling (melded)
 o - the +1 helmet "Manya" (worn) {Will++}
   (You took it off Robin on level 1 of the Dungeon)

   Will++:    It greatly increases your willpower.
 z - the +3 leather armour of Fashionability (melded) {Int+3}
   (You found it on level 7 of the Dungeon)

   Int+3:     It affects your intelligence (+3).
 F - a scarf of resistance (worn)
 I - a +8 tower shield of reflection (worn)
 S - the +3 barding of Yhoix (melded) {MP-9 Str+6 Int+5}
   (You acquired it on level 11 of the Dungeon)

   Str+6:     It affects your strength (+6).
   Int+5:     It affects your intelligence (+5).
   MP-9:      It affects your magic capacity (-9).
Jewellery
 c - the ring "Koaby" {rPois rC+ rN+ Will+ SInv}
   (You found it in the Desolation of Salt)

   [ring of protection from cold]

   rC+:       It protects you from cold.
   rPois:     It protects you from poison rN+: It protects you from negative
   energy.
   Will+:     It increases your willpower.
   SInv:      It lets you see invisible.
 f - a ring of protection from fire
 m - the ring of Gesia {rElec rPois rN+ Will+ Stlth+}
   (You took it off a deep elf sorcerer on level 3 of the Elven Halls)

   [ring of poison resistance]

   rElec:     It insulates you from electricity.
   rPois:     It protects you from poison rN+: It protects you from negative
   energy.
   Will+:     It increases your willpower.
   Stlth+:    It makes you more stealthy.
 p - the ring "Orutiqa" {Fly MP+9}
   (You found it in a treasure trove)

   [ring of flight]

   MP+9:      It affects your magic capacity (+9).
   Fly:       It grants you flight.
 q - the ring of Ewadanga (right fist) {rC+ rCorr MP+9 Dex+3 Stlth+}
   (You took it off a deep elf elementalist on level 3 of the Elven Halls)

   [ring of magical power]

   Dex+3:     It affects your dexterity (+3).
   rC+:       It protects you from cold.
   MP+9:      It affects your magic capacity (+9).
   rCorr:     It protects you from acid and corrosion.
   Stlth+:    It makes you more stealthy.
 u - an amulet of reflection
 y - the ring "Vodamy" (left fist) {rF+ rN+ MP+9 Str+3 Int-4}
   (You took it off a servant of whispers in the Desolation of Salt)

   [ring of magical power]

   Str+3:     It affects your strength (+3).
   Int-4:     It affects your intelligence (-4).
   rF+:       It protects you from fire.
   rN+:       It protects you from negative energy.
   MP+9:      It affects your magic capacity (+9).
 N - the amulet "Iddacurph" (around neck) {Spirit rElec rN+}
   (You found it in a treasure trove)

   [amulet of guardian spirit]

   Spirit:    It causes incoming damage to be divided between your reserves of
   health and magic.
   rElec:     It insulates you from electricity.
   rN+:       It protects you from negative energy.
 P - a ring of the Octopus King {HP+2 AC+2 EV+2 SH+2 SInv}
   (You took it off a vault guard on level 5 of the Vaults)

   [ring of see invisible]

   AC+2:      It affects your AC (+2).
   EV+2:      It affects your evasion (+2).
   HP+2:      It affects your health (+2).
   SInv:      It lets you see invisible.
   SH+2:      It affects your SH (+2).
Talismans
 s - a granite talisman (active)
 M - a talisman of death
Wands
 a - a wand of mindburst (37)
 D - a wand of digging (21)
 E - a wand of light (29)
 L - a wand of roots (67)
Scrolls
 d - 6 scrolls of immolation
 e - 2 scrolls of revelation
 g - 6 scrolls of noise
 i - 6 scrolls of fear
 l - 9 scrolls of vulnerability
 r - 2 scrolls of silence {!r}
 B - 8 scrolls of poison
 R - 26 scrolls of identify
 T - 17 scrolls of teleportation
 W - 15 scrolls of fog
Potions
 h - 2 potions of enlightenment
 k - 11 potions of attraction
 n - 4 potions of magic
 w - 8 potions of heal wounds
 A - 6 potions of resistance
 C - 7 potions of lignification
 G - 4 potions of cancellation
 H - 13 potions of haste
 J - 9 potions of brilliance
 K - 10 potions of mutation
 Q - 34 potions of curing
 V - 2 potions of ambrosia
 X - 8 potions of might
 Y - 6 potions of invisibility
 Z - 4 potions of berserk rage
Miscellaneous
 O - a condenser vane
 U - a phial of floods


   Skills:
 - Level 23.0 Fighting
 - Level 5.0 Throwing
 - Level 10.0 Dodging
 - Level 12.0 Stealth
 - Level 21.0 Shields
 + Level 23.1 Unarmed Combat
 - Level 8.0 Translocations
 - Level 14.0 Invocations
 - Level 10.0 Evocations
 - Level 21.0 Shapeshifting


You had 23 spell levels left.
You knew the following spells:

 Your Spells              Type           Power      Damage    Failure   Level
a - Apportation           Tloc           14%        N/A       1%          1
b - Lesser Beckoning      Tloc           14%        N/A       1%          2

Your spell library contained the following spells:

 Spells                   Type           Power      Damage    Failure   Level
 Blink                    Tloc           14%        N/A       1%          2
 Momentum Strike          Conj/Tloc      6%         3d8       13%         2
 Volatile Blastmotes      Fire/Tloc      6%         2d10      28%         3
 Magic Dart               Conj           0%         1d3       45%         1
 Slow                     Hex            0%         N/A       45%         1
 Sting                    Conj/Alch      0%         1d3       45%         1
 Cigotuvi's Dreadful Rot  Necr/Alch/Air  0%         N/A       61%         2
 Jinxbite                 Hex            0%         N/A       61%         2
 Mercury Vapours          Alch/Air       0%         N/A       61%         2
 Scorch                   Fire           0%         2d5       61%         2
 Iskenderun's Mystic Bla  Conj/Tloc      3%         2d3       69%         4
 Confusing Touch          Hex            0%         N/A       85%         3
 Dazzling Flash           Conj/Hex       0%         N/A       85%         3
 Frozen Ramparts          Ice            0%         1d1       85%         3
 Inner Flame              Hex/Fire       0%         N/A       85%         3
 Mephitic Cloud           Conj/Alch/Air  0%         N/A       85%         3
 Sigil of Binding         Hex            0%         N/A       85%         3
 Stone Arrow              Conj/Erth      0%         3d7       85%         3
 Vampiric Draining        Necr           0%         2d6       85%         3
 Anguish                  Hex/Necr       0%         N/A       99%         4
 Brom's Barrelling Bould  Conj/Erth      0%         2d3       99%         4
 Cause Fear               Hex            0%         N/A       99%         4
 Dispel Undead            Necr           0%         3d6       99%         4
 Flame Wave               Conj/Fire      0%         2d4       99%         4
 Fulminant Prism          Conj/Alch      0%         3d5       99%         4
 Ignite Poison            Fire/Alch      0%         N/A       99%         4
 Olgreb's Toxic Radiance  Alch           0%         N/A       99%         4
 Petrify                  Alch/Erth      0%         N/A       99%         4
 Sticky Flame             Fire/Alch      0%         2d4       99%         4
 Alistair's Intoxication  Alch           0%         N/A       100%        5
 Borgnjor's Vile Clutch   Necr/Erth      0%         N/A       100%        5
 Curse of Agony           Necr           0%         N/A       100%        5
 Fireball                 Conj/Fire      0%         3d3       100%        5
 Irradiate                Conj/Alch      0%         3d11      100%        5
 Iskenderun's Battlesphe  Conj           0%         2d6       100%        5
 Lee's Rapid Deconstruct  Erth           0%         3d4*      100%        5
 Metabolic Englaciation   Hex/Ice        0%         N/A       100%        5
 Silence                  Hex/Air        0%         N/A       100%        5
 Bombard                  Conj/Erth      0%         9d1       100%        6
 Eringya's Noxious Bog    Alch           0%         4d6       100%        6
 Starburst                Conj/Fire      0%         6d3       100%        6
 Enfeeble                 Hex            0%         N/A       100%        7
 Ozocubu's Refrigeration  Ice            0%         4d7       100%        7
 Borgnjor's Revivificati  Necr           0%         N/A       100%        8
 Discord                  Hex            0%         N/A       100%        8
 Ignition                 Fire           0%         3d3       100%        8
 Lehudib's Crystal Spear  Conj/Erth      0%         10d2      100%        8
 Maxwell's Capacitive Co  Air            0%         ∞         100%        8
 Chain Lightning          Conj/Air       0%         N/A       100%        9
 Death's Door             Necr           0%         N/A       100%        9
 Fire Storm               Conj/Fire      0%         5d1       100%        9
 Shatter                  Erth           0%         3d5*      100%        9
 Call Imp                 Summ           Unusable   N/A       N/A         2
 Sublimation of Blood     Necr           Unusable   N/A       N/A         2
 Call Canine Familiar     Summ           Unusable   N/A       N/A         3
 Summon Forest            Summ/Tloc      Unusable   N/A       N/A         5
 Animate Armour           Summ/Erth      Unusable   N/A       N/A         4
 Animate Dead             Necr           Unusable   N/A       N/A         4
 Summon Lightning Spire   Summ/Air       Unusable   N/A       N/A         4
 Death Channel            Necr           Unusable   N/A       N/A         6
 Summon Cactus Giant      Summ           Unusable   N/A       N/A         6
 Haunt                    Necr/Summ      Unusable   N/A       N/A         7
 Malign Gateway           Summ/Tloc      Unusable   N/A       N/A         7
 Summon Hydra             Summ           Unusable   N/A       N/A         7
 Infestation              Necr           Unusable   N/A       N/A         8
 Dragon's Call            Summ           Unusable   N/A       N/A         9

Dungeon Overview and Level Annotations

Branches:
Dungeon (15/15)            Temple (1/1) D:7            Lair (5/5) D:9
  Swamp (4/4) Lair:2        Snake (4/4) Lair:2        Slime (0/5) Lair:5
    Orc (2/2) D:12            Elf (3/3) Orc:2        Vaults (5/5) D:14
  Crypt (3/3) Vaults:3       Tomb (0/3) Crypt:3      Depths (4/4) D:15
    Zot (5/5) Depths:4    Desolation (visited)      Gauntlet (visited)

Altars:
Ashenzari
Cheibriados
Dithmenos
Elyvilon
Fedhas
Gozag
Hepliaklqana
Kikubaaqudgha
Makhleb
Nemelex Xobeh
Okawaru
Qazlal
Ru
Sif Muna
Trog
Uskayaw
Vehumet
Wu Jian
Xom
Yredelemnul
Zin
The Shining One

Shops:
D:8 (**[*   D:11 [   Orc:2 [(*=[   Elf:1 ?*(:*   Elf:2 !   Snake:1 [==:
Vaults:3 ?   Vaults:5 !

Portals:
Hell: Depths:1 Depths:2 Depths:3 Depths:4
Abyss: Depths:1 Depths:2 Depths:3 Depths:4
Pandemonium: Depths:2
Ziggurat: Depths:2

Annotations:
D:8 VAULT
Elf:2 3 runed translucent doors
Vaults:5 !NO
Depths:3 2 transporters


Innate Abilities, Weirdness & Mutations

You are a living statue of rough stone.
Your actions are slow, but your melee attacks are powerful.
You are resistant to unholy torment.
Your maximum health is greatly increased.
Your equipment is partially melded.
((Your serpentine skin is tough. (AC +9)))
You are immune to poison.
You have supernaturally acute eyesight. (SInv)
Armour fits poorly on your strangely shaped body.
Your system is resistant to poisons. (rPois)
((You cover ground very slowly.))
You can spit poison.
You can use your snake-like lower body to constrict enemies.
Your body sometimes deteriorates upon taking damage.
You are dopey. (Int -2)
Your magical capacity is extremely low. (-30% MP)
You do not regenerate when monsters are visible.
Your spells are easier to cast, but less powerful.
Your health recovers twice as slowly from being drained.


Message History

You block the tarantella's attack.
Your memory of the abyssal rune fades away.
You pass through the gate.
Welcome back to the Dungeon!
You block Ytwatarr's attack. x2
Unknown command.
Unknown command.
Blink to where?
Press: ? - help, Dir - move target
As you read the scroll of blinking, it crumbles to dust.
Unknown command.
Your extra speed is starting to run out.
Unknown command.
Blink to where?
Press: ? - help, Dir - move target
As you read the scroll of blinking, it crumbles to dust.
You climb upwards.
There is a stone staircase leading down here.
Unknown command.
Unknown command.
Unknown command.
You feel yourself slow down.
A profane servitor comes into view. It is wielding a +3 whip.
There is an open door here.
Danger!
You miss the profane servitor. You grab the profane servitor.
You constrict the profane servitor. You hit the profane servitor.
The profane servitor is lightly damaged.
You constrict the profane servitor, but do no damage.
The profane servitor hits you but does no damage.
You block the profane servitor's attack.
You completely miss the profane servitor.
The profane servitor is lightly damaged.
You constrict the profane servitor.
You block the profane servitor's attack.
The profane servitor hits you but does no damage.
You pulverise the profane servitor!!!!
The profane servitor is severely damaged.
You constrict the profane servitor!
You block the profane servitor's attack. x3
The profane servitor barely misses you.
You pummel the profane servitor like a punching bag!!!!
You destroy the profane servitor!
Okawaru accepts your kill.
Unknown command.
You see here a +3 whip.
You open the door.
There is an open door here.
There is a staircase leading out of the dungeon here.
You have escaped!

.#...........#####.###.##...##..#
.+.................###.##...##..#
)#.....................#######..#
.#.....................#...>.#...
.#......###............#.....#...
.#......# #...++++'+#.##.....#...
.#......###...+....+..##.....#...
..........#...+....+..##.....#...
.....##...#...+.8..+.............
.....##...#...+....+.#+#.........
.....##...#...++'+++.............
.....##...#...............#.#....
.)........................#.#....
...##.......#...####......#.#....
...##.......#...# #.............
#####.......#...# ##.............
............#...###...........#.#


There were no monsters in sight!

Vanquished Creatures
  6 dread liches
  Frederick (Arena)
  2 ancient liches
  Mennas (Vaults:5)
  8 orbs of fire
  Sojobo (Arena)
  Josephina (Depths:3)
  Boris (4 times) (Vaults:1 Crypt:1 Crypt:3)
  7 Killer Klowns
  Parghit (Zot:4)
  Vashnia (Snake:4)
  A caustic shrike (Depths:1)
  8 golden dragons
  A profane servitor (D:1)
  5 bone dragons
  3 doom hounds (Depths:3)
  2 electric golems (Zot:5)
  Rupert (Arena)
  The ghost of jestert79 the Black Belt, an adept MfSh of Kikubaaqudgha (Elf:2)
  Mlioglotl (Snake:2)
  3 liches
  22 tentacled monstrosities
  Jorgrun (Orc:2)
  2 Hell Sentinels
  Grunn (Depths:3)
  26 Orb Guardians
  A titan (Vaults:5)
  2 deep elf master archers (Elf:3)
  8 sphinxes
  3 deep elf blademasters (Elf:3)
  A tentacled starspawn (Abyss:5)
  10 quicksilver dragons
  9 death cobs
  An ancient champion (Crypt:1)
  9 shadow dragons
  Kirke (Lair:3)
  17 storm dragons
  A thorn hunter (Swamp:2)
  12 tengu reavers
  A revenant (Crypt:2)
  5 fire giants
  4 nagarajas (Snake:4)
  Donald (Snake:2)
  8 draconian monks
  The ghost of Ykec Esm the Carver, a journeyman DrWn of Ashenzari (Swamp:3)
  2 iron dragons (Vaults:5)
  13 vault wardens
  8 frost giants
  A draconian shifter (Zot:5)
  6 draconian knights
  8 deep elf sorcerers
  3 imperial myrmidons (Desolation)
  3 spectral caustic shrikes (Depths:3)
  11 ghouls
  Louise (Snake:2)
  4 deep elf elementalists (Elf:3)
  7 ghost moths
  3 draconian scorchers
  A curse skull (Crypt:1)
  A cacodemon (Depths:2)
  14 ironbound preservers
  An orc warlord (Orc:2)
  3 draconian stormcallers
  2 reapers
  A caustic shrike zombie (Crypt:3)
  7 draconian annihilators
  2 spriggan defenders (Depths:1)
  A juggernaut skeleton (Crypt:2)
  The ghost of xfalz the Thaumaturge, a journeyman GnSk of Ashenzari (Swamp:3)
  The ghost of xfalz the Thaumaturge, a journeyman GnSk of Ashenzari (Swamp:3)
  12 vampire knights
  17 stone giants
  2 formless jellyfish (Vaults:2)
  17 very ugly things
  3 ironbound thunderhulks
  13 green draconians
  7 black draconians
  8 deep elf annihilators
  4 deep elf demonologists
  7 deep elf death magi
  6 spark wasps
  4 dire elephants (Vaults:1)
  11 white draconians
  10 yellow draconians
  5 eleionomae
  13 purple draconians
  9 red draconians
  8 war gargoyles
  2 bunyips
  A blizzard demon (D:10)
  7 ettins
  7 fire dragons
  2 deep elf high priests
  5 crystal guardians
  A quicksilver dragon zombie (Crypt:3)
  2 eidola (Crypt:1)
  18 yaktaur captains
  16 jiangshi
  3 shambling mangroves
  2 spriggan zombies
  15 ragged hierophants (Desolation)
  The ghost of Zatibaps the Spry, a journeyman FeAl of Dithmenos (Swamp:3)
  3 ghost crabs
  3 hell beasts
  6 rakshasas
  A quicksilver dragon skeleton (Crypt:3)
  4 great orbs of eyes
  9 ice dragons
  Erolcha (Orc:2)
  3 salamander tyrants
  32 vault guards
  15 peacekeepers
  12 servants of whispers (Desolation)
  14 centaur warriors
  14 hydras
  3 spriggan air magi
  9 ironbound frosthearts
  6 alligators
  2 ogre magi
  Erica (D:11)
  3 death knights
  6 two-headed ogres
  7 anacondas
  8 boulder beetles
  16 dancing weapons
  A deep troll shaman (Depths:2)
  11 deep troll earth magi
  11 tengu warriors
  5 occultists
  8 spriggan berserkers
  9 vampire magi
  12 naga warriors
  6 shock serpents
  An orc high priest (Orc:2)
  Sonja (Orc:1)
  A soul eater (Crypt:1)
  13 naga sharpshooters
  32 hell knights
  2 titan skeletons (Crypt:3)
  2 wretched stars (Abyss:5)
  Amaemon (Lair:1)
  4 sixfirhies
  8 deep elf knights
  2 shadow wraiths
  38 skeletal warriors
  45 deep trolls
  A skyshark (Lair:3)
  3 iron trolls (Depths:1)
  2 sea snakes (Snake:4)
  A cherub (D:3)
  2 salamander mystics (Snake:4)
  A spark wasp zombie (Crypt:2)
  6 goliath frogs
  A deep troll (shapeshifter) (Vaults:5)
  9 spriggan druids
  A spectral hydra (Swamp:4)
  A glowing orange brain (D:15)
  5 arcanists
  3 spectral alligators (Swamp:4)
  A shadow demon (D:15)
  6 mana vipers
  4 swamp dragons
  An orb spider (shapeshifter) (D:15)
  12 bog bodies
  21 ironbound convokers
  7 flayed ghosts
  3 naga ritualists
  6 deep elf archers
  A goliath frog zombie (Crypt:2)
  Pikel (D:5)
  9 lindwurms
  5 orc knights
  2 alligator zombies
  21 necromancers
  30 ugly things
  25 deep elf pyromancers
  14 salamanders
  11 phantasmal warriors
  A shining eye (shapeshifter) (Vaults:5)
  5 orc sorcerers
  2 wolf spiders
  2 stone giant zombies
  5 will-o-the-wisps
  12 deep elf zephyrmancers
  2 manticores
  3 cyclopes
  A meliai (shapeshifter) (D:13)
  Maurice (Orc:2)
  28 moths of wrath
  A centaur zombie (Crypt:3)
  12 elephants
  2 kobold blastminers (Orc:1)
  9 vault sentinels
  A stone giant skeleton (Crypt:3)
  12 guardian serpents
  2 smoke demons
  41 black mambas
  A black mamba (shapeshifter) (Elf:1)
  An apocalypse crab (Abyss:5)
  3 gargoyles
  5 large abominations
  15 naga magi
  A dire elephant skeleton (Crypt:1)
  A kobold demonologist (D:13)
  A torpor snail (Lair:4)
  2 water nymphs (shapeshifter) (Vaults:5)
  An orange demon (Lair:1)
  A black draconian zombie (Crypt:2)
  7 rime drakes
  A molten gargoyle (Desolation)
  A centaur skeleton (Crypt:1)
  24 cane toads
  A hellion (Depths:2)
  13 komodo dragons
  2 swamp worm zombies (Swamp:4)
  A spriggan skeleton (Depths:1)
  23 yaktaurs
  8 freezing wraiths
  An alligator snapping turtle skeleton (Crypt:3)
  A minotaur skeleton (Crypt:1)
  A tengu conjurer (D:14)
  7 trolls
  A harpy zombie (Crypt:2)
  15 tyrant leeches
  A tengu simulacrum (Depths:3)
  2 bloated husks
  9 polar bears
  6 hydra zombies
  A guardian mummy (Crypt:1)
  A hellwing (Zot:3)
  Prince Ribbit (D:6)
  86 saltlings (Desolation)
  Grinder (D:6)
  15 hornets
  A glass eye (Depths:2)
  10 blink frogs
  A stone giant simulacrum (Vaults:4)
  4 dream sheep
  A fire giant simulacrum (Depths:3)
  An ettin zombie (Depths:1)
  A fire dragon zombie (Crypt:3)
  4 spectral swamp dragons (Swamp:4)
  A glass eye (shapeshifter) (Vaults:5)
  An iron dragon simulacrum (Depths:3)
  48 slime creatures
  2 air elementals (Elf:2)
  An ettin skeleton (Vaults:4)
  A vampire (D:11)
  26 spriggans
  14 wyverns
  2 tyrant leech zombies
  Eustachio (D:6)
  A fire elemental (Elf:2)
  A wyvern (shapeshifter) (Elf:2)
  A black mamba skeleton (Crypt:1)
  2 wargs (Orc:2)
  11 water elementals
  2 ynoxinuls (Abyss:5)
  A yak (shapeshifter) (D:14)
  2 wraiths
  5 humans (Lair:3)
  An unseen horror simulacrum (D:9)
  9 basilisks
  4 steam dragons
  50 yaks
  2 redbacks (Lair:5)
  A tarantella (shapeshifter) (Vaults:5)
  A yaktaur simulacrum (Vaults:4)
  A neqoxec (Abyss:5)
  Menkaure (D:6)
  11 vampire mosquitoes
  2 naga zombies (Crypt:1)
  11 swamp worms
  36 nagas
  Duvessa (D:5)
  36 water moccasins
  3 acid dragons
  2 glowing shapeshifter skeletons
  3 swamp drakes
  4 sky beasts
  4 swamp dragon zombies (Swamp:4)
  22 orc warriors
  39 laughing skulls
  7 black bears
  3 ice beasts
  6 ogres
  A wolf (D:8)
  5 boggarts
  5 centaurs
  An elephant skeleton (Crypt:1)
  A draconian zombie (Crypt:2)
  5 bullfrogs
  A kobold brigand (D:7)
  A gnoll sergeant (D:10)
  Blork the orc (D:6)
  6 scorpions
  4 earth elementals
  2 glowing shapeshifter simulacra (Depths:3)
  An ogre simulacrum (Vaults:2)
  An elf skeleton (Crypt:2)
  9 necrophages
  A wyvern skeleton (Crypt:1)
  15 wights
  Dowan (D:5)
  A human simulacrum (Vaults:4)
  10 killer bees
  9 howler monkeys
  A bombardier beetle (D:3)
  9 electric eels
  2 human zombies (Crypt:1)
  16 orc priests
  2 hounds
  7 jellies
  A sleepcap (D:6)
  3 human skeletons (Crypt:1)
  Jessica (D:2)
  18 orc wizards
  7 iguanas
  Terence (D:2)
  A tengu skeleton (Crypt:2)
  4 mummies (Crypt:1)
  A killer bee simulacrum (D:9)
  Robin (D:1)
  10 gnolls
  5 adders
  A steam dragon skeleton (Crypt:1)
  A swamp drake skeleton (Crypt:1)
  A shadow imp (D:7)
  6 white imps
  2 howler monkey simulacra (D:9)
  3 ufetubi
  An adder zombie (Crypt:2)
  An iguana zombie (Crypt:1)
  An adder skeleton (Crypt:1)
  A dart slug (D:4)
  2 ribbon worms
  65 orcs
  9 endoplasms
  6 giant cockroaches
  12 goblins
  11 hobgoblins
  4 quokkas
  8 ball pythons
  7 bats
  10 frilled lizards
  9 kobolds
  6 rats
2304 creatures vanquished.

Vanquished Creatures (others)
  A fire giant (Depths:4)
  A blizzard demon (Zot:3)
  A naga warrior (Snake:1)
  A hell knight (Depths:2)
  A phantasmal warrior (Swamp:4)
  A swamp worm zombie (Swamp:4)
  7 bloated husks
  A boggart (Elf:1)
  5 phantoms (Swamp:4)
  22 foxfires
  2 starspawn tentacles (Abyss:5)
43 creatures vanquished.

Grand Total: 2347 creatures vanquished

Notes
Turn   | Place    | Note
-------+----------+-------------------------------------------
     0 | D:1      | Sobieck the Naga Shapeshifter began the quest for the Orb.
     0 | D:1      | Reached XP level 1. HP: 18/18 MP: 1/1
   269 | D:1      | Reached XP level 2. HP: 25/25 MP: 2/2
   645 | D:1      | Reached XP level 3. HP: 31/31 MP: 3/3
  1326 | D:1      | Reached XP level 4. HP: 38/39 MP: 4/4
  1435 | D:2      | Identified the +1 helmet "Manya" {Will++}
  1435 | D:2      | Noticed Robin
  1443 | D:1      | Killed Robin
  1799 | D:2      | Reached XP level 5. HP: 25/46 MP: 5/5
  1946 | D:2      | Noticed Jessica
  1961 | D:2      | Killed Jessica
  2070 | D:2      | Noticed Terence
  2081 | D:2      | Killed Terence
  3120 | D:3      | Reached skill level 3 in Fighting
  3120 | D:3      | Reached XP level 6. HP: 54/56 MP: 6/6
  4592 | D:5      | Entered Level 5 of the Dungeon
  4607 | D:5      | Noticed Duvessa
  4619 | D:5      | Noticed Dowan
  5161 | D:5      | Killed Duvessa
  5162 | D:5      | Reached XP level 7. HP: 42/62 MP: 7/7
  5300 | D:5      | Killed Dowan
  5301 | D:5      | Reached skill level 6 in Unarmed Combat
  5903 | D:5      | Found a blossoming altar of Fedhas.
  5999 | D:5      | Noticed Pikel
  6013 | D:5      | Killed Pikel
  6014 | D:5      | Reached XP level 8. HP: 16/73 MP: 8/8
  6534 | D:6      | Noticed Grinder
  6745 | D:6      | Noticed Menkaure
  6751 | D:6      | Killed Menkaure
  6915 | D:6      | Noticed Eustachio
  6956 | D:6      | Killed Eustachio
  6957 | D:6      | Reached XP level 9. HP: 76/81 MP: 9/9
  7091 | D:6      | Noticed Blork the orc
  7106 | D:6      | Killed Blork the orc
  7107 | D:6      | Reached skill level 6 in Shapeshifting
  7339 | D:6      | Reached skill level 6 in Fighting
  7339 | D:6      | Reached skill level 9 in Unarmed Combat
  7749 | D:6      | Killed Grinder
  8270 | D:6      | Noticed Prince Ribbit
  8284 | D:6      | Killed Prince Ribbit
  8717 | D:7      | Reached XP level 10. HP: 89/97 MP: 10/10
  8960 | D:6      | Reached skill level 9 in Fighting
  9253 | D:7      | Identified the +3 leather armour of Fashionability {Int+3}
  9477 | D:7      | Found a staircase to the Ecumenical Temple.
  9482 | Temple   | Entered the Ecumenical Temple
  9494 | Temple   | Became a worshipper of Warmaster Okawaru
 10077 | D:8      | Found Higg's Armour Boutique.
 10099 | D:8      | Found Lecrut's Gadget Gallery.
 10136 | D:8      | Found Umidezux's General Store.
 10139 | D:8      | Bought a scroll of identify for 30 gold pieces
 10139 | D:8      | Bought a scroll of poison for 60 gold pieces
 10268 | D:8      | Found Dodei's Antique Armour Shop.
 10781 | D:8      | Found Celimiax's Antique Weapon Shoppe.
 10848 | D:8      | Found Uxkumiap's Assorted Antiques.
 10851 | D:8      | Bought a scroll labelled TEOHAGEJOM for 23 gold pieces
 10851 | D:8      | Bought a scroll of identify for 46 gold pieces
 10851 | D:8      | Bought a silvery potion for 20 gold pieces
 11445 | D:9      | Noticed a two-headed ogre
 11465 | D:8      | Killed a two-headed ogre
 11465 | D:8      | Reached * piety under Okawaru
 11938 | D:9      | Reached skill level 1 in Invocations
 11983 | D:9      | Noticed a two-headed ogre
 12092 | D:9      | Killed a two-headed ogre
 12092 | D:9      | Reached ** piety under Okawaru
 12093 | D:9      | Reached skill level 3 in Invocations
 12093 | D:9      | Reached XP level 11. HP: 54/111 MP: 11/13
 12165 | D:9      | Noticed a two-headed ogre
 12247 | D:9      | Killed a two-headed ogre
 12365 | D:9      | Noticed a deep elf pyromancer
 12377 | D:9      | Killed a deep elf pyromancer
 12613 | D:9      | Found a snail-covered altar of Cheibriados.
 12619 | D:9      | Found a shadowy altar of Dithmenos.
 12621 | D:9      | Found a burning altar of Makhleb.
 12622 | D:9      | Found a basalt altar of Yredelemnul.
 12627 | D:9      | Found an ancient bone altar of Kikubaaqudgha.
 12644 | D:9      | Found a staircase to the Lair.
 12916 | D:10     | Entered Level 10 of the Dungeon
 13179 | D:10     | Reached skill level 9 in Shapeshifting
 14796 | D:11     | Found a gate leading to a gauntlet.
 14805 | Gauntlet | Entered a Gauntlet
 14805 | Gauntlet | Found a transporter.
 14805 | Gauntlet | Found a transporter.
 14808 | Gauntlet | Found a transporter.
 14809 | Gauntlet | Found a transporter.
 14812 | Gauntlet | Found a transporter.
 14813 | Gauntlet | Found a transporter.
 14838 | Gauntlet | Found a runed translucent door.
 14838 | Gauntlet | Found a runed translucent door.
 14842 | Gauntlet | Found a transporter.
 14842 | Gauntlet | Noticed an oklob plant
 14842 | Gauntlet | Found the ring of the Octopus King
 14846 | Gauntlet | Found a transporter.
 14848 | Gauntlet | Noticed a quicksilver ooze
 14854 | Gauntlet | Found a transporter.
 14870 | Gauntlet | Found a transporter.
 14870 | Gauntlet | Noticed a large abomination
 14884 | Gauntlet | Found a transporter.
 14888 | Gauntlet | Found a transporter.
 14889 | Gauntlet | Found a runed translucent door.
 14900 | Gauntlet | Noticed a large abomination
 14918 | Gauntlet | Acquired the +0 cloak of the Pleiades {Fly rElec rPois
                  | Int-3}
 15215 | D:11     | Noticed a boulder beetle
 15224 | D:11     | Killed a boulder beetle
 15532 | D:11     | Reached *** piety under Okawaru
 15789 | D:11     | Noticed Erica
 15803 | D:11     | Killed Erica
 16153 | D:11     | Found Viatiute's Antique Armour Shop.
 16155 | D:11     | Acquired the +3 barding of Yhoix {MP-9 Str+6 Int+5}
 16623 | D:11     | Reached **** piety under Okawaru
 16681 | D:12     | Found a staircase to the Orcish Mines.
 16996 | D:12     | Found a hide-covered altar of Uskayaw.
 17314 | D:12     | Noticed a boulder beetle
 17324 | D:12     | Killed a boulder beetle
 17325 | D:12     | Reached skill level 6 in Invocations
 17325 | D:12     | Reached XP level 12. HP: 83/120 MP: 7/16
 17761 | D:13     | Noticed a tengu warrior
 17761 | D:13     | Noticed a tengu warrior
 18028 | Lair:1   | Entered Level 1 of the Lair of Beasts
 18155 | Lair:1   | Reached skill level 12 in Shapeshifting
 18411 | D:9      | Reached ***** piety under Okawaru
 19453 | Lair:1   | Noticed Amaemon
 19465 | Lair:1   | Killed Amaemon
 19578 | Lair:2   | Noticed a six-headed hydra
 19578 | Lair:2   | Found a staircase to the Snake Pit.
 19592 | Lair:1   | Killed a six-headed hydra
 19592 | Lair:1   | Received a gift from Okawaru
 19897 | Lair:2   | Noticed a four-headed hydra
 19914 | Lair:2   | Killed a four-headed hydra
 19953 | Lair:2   | Noticed a four-headed hydra
 19962 | Lair:2   | Killed a four-headed hydra
 20187 | Lair:2   | Gained mutation: You can use your snake-like lower body to
                  | constrict enemies. [Naga growth]
 20187 | Lair:2   | Reached XP level 13. HP: 127/127 MP: 18/18
 20197 | Lair:2   | Reached skill level 1 in Stealth
 20208 | Lair:2   | Received a gift from Okawaru
 20276 | Lair:2   | Reached skill level 1 in Shields
 20493 | Lair:2   | Found a staircase to the Swamp.
 20562 | Lair:2   | Reached skill level 3 in Stealth
 21304 | Lair:3   | Received a gift from Okawaru
 21802 | Lair:3   | Noticed Kirke
 21812 | Lair:3   | Killed Kirke
 21812 | Lair:3   | Received a gift from Okawaru
 21813 | Lair:3   | Reached skill level 3 in Shields
 22657 | Lair:4   | Noticed Rupert
 22664 | Arena    | Entered the Arena
 22673 | Arena    | Killed Rupert
 22674 | Arena    | Reached XP level 14. HP: 136/136 MP: 6/20
 22699 | Lair:4   | Reached skill level 12 in Fighting
 22782 | Lair:4   | Received a gift from Okawaru
 23223 | Lair:5   | Entered Level 5 of the Lair of Beasts
 23241 | Lair:4   | Reached skill level 9 in Invocations
 23404 | Lair:5   | Found an iron altar of Okawaru.
 23566 | Lair:5   | Received a gift from Okawaru
 23699 | Lair:5   | Found a staircase to the Slime Pits.
 23820 | Lair:4   | Reached skill level 12 in Unarmed Combat
 24207 | Lair:5   | Received a gift from Okawaru
 25021 | Lair:5   | Reached XP level 15. HP: 144/146 MP: 22/22
 26105 | D:13     | Received a gift from Okawaru
 26433 | D:14     | Found a gate to the Vaults.
 26442 | D:14     | Reached skill level 15 in Shapeshifting
 26944 | D:14     | Received a gift from Okawaru
 27103 | D:14     | Got Nufudiqut's Commentary on Gritty Convocation
 27531 | D:15     | Entered Level 15 of the Dungeon
 27775 | D:15     | Found an opulent altar of Gozag.
 27923 | D:15     | Received a gift from Okawaru
 28256 | D:15     | Found a staircase to the Depths.
 28333 | D:15     | Reached skill level 6 in Shields
 28776 | Orc:1    | Entered Level 1 of the Orcish Mines
 28815 | Orc:1    | Reached ****** piety under Okawaru
 28817 | Orc:1    | Noticed Sonja
 28823 | Orc:1    | Killed Sonja
 28823 | Orc:1    | Received a gift from Okawaru
 29011 | Orc:2    | Entered Level 2 of the Orcish Mines
 29011 | Orc:2    | Found Huamunir's Antique Armour Emporium.
 29051 | Orc:1    | Reached XP level 16. HP: 158/158 MP: 23/23
 29233 | Orc:2    | Noticed Maurice
 29240 | Orc:2    | Killed Maurice
 29375 | Orc:2    | Noticed Jorgrun
 29383 | Orc:2    | Killed Jorgrun
 29491 | Orc:2    | Reached skill level 15 in Unarmed Combat
 29493 | Orc:2    | Received a gift from Okawaru
 29766 | Orc:2    | Found Naruch's Antique Weapon Shop.
 29788 | Orc:2    | Found Juh Odit's Jewellery Shop.
 29806 | Orc:2    | Noticed Erolcha
 29818 | Orc:2    | Killed Erolcha
 29924 | Orc:2    | Found Cagg's Antique Armour Shop.
 29939 | Orc:2    | Found Weykuy's General Store.
 30016 | Orc:2    | Found a staircase to the Elven Halls.
 30384 | Snake:1  | Entered Level 1 of the Snake Pit
 30576 | Snake:1  | Found Agrim's Book Emporium.
 30576 | Snake:1  | Found Hefoifess's Jewellery Shop.
 30577 | Snake:1  | Found Abou's Jewellery Shop.
 30599 | Snake:1  | Bought a +6 ring of strength for 612 gold pieces
 30695 | Snake:1  | Found Lijeept's Antique Armour Shop.
 30911 | Snake:1  | Received a gift from Okawaru
 30927 | Snake:1  | You are sucked into a shaft and drop 1 floor!
 31529 | Snake:2  | Reached skill level 15 in Fighting
 31595 | Snake:2  | Received a gift from Okawaru
 31665 | Snake:2  | Noticed Louise
 31673 | Snake:2  | Killed Louise
 31678 | Snake:2  | Noticed Donald
 31684 | Snake:2  | Killed Donald
 31788 | Snake:2  | Noticed Mlioglotl
 31792 | Snake:2  | Killed Mlioglotl
 31793 | Snake:2  | Reached skill level 9 in Shields
 32089 | Snake:3  | Reached XP level 17. HP: 170/170 MP: 24/24
 32928 | Snake:4  | Entered Level 4 of the Snake Pit
 33041 | Snake:4  | Received a gift from Okawaru
 33655 | Snake:4  | Received a gift from Okawaru
 33672 | Snake:4  | Reached skill level 12 in Shields
 34004 | Snake:4  | Noticed Vashnia
 34022 | Snake:4  | Killed Vashnia
 34078 | Snake:4  | Got a serpentine rune of Zot
 34538 | Swamp:1  | Entered Level 1 of the Swamp
 34673 | Swamp:1  | Received a gift from Okawaru
 34782 | Swamp:1  | Reached XP level 18. HP: 181/181 MP: 25/25
 35418 | Swamp:2  | Reached skill level 1 in Throwing
 35789 | Swamp:2  | Received a gift from Okawaru
 35799 | Swamp:2  | Reached skill level 3 in Throwing
 35838 | Swamp:2  | Learned a level 1 spell: Apportation
 36350 | Swamp:2  | Reached skill level 1 in Translocations
 36873 | Swamp:3  | Found a runed translucent gate.
 36873 | Swamp:3  | Found a runed translucent gate.
 36873 | Swamp:3  | Found a runed translucent gate.
 36873 | Swamp:3  | Noticed xfalz's ghost (journeyman GnSk)
 36873 | Swamp:3  | Noticed Zatibaps's ghost (journeyman FeAl)
 36874 | Swamp:3  | Noticed Ykec Esm's ghost (journeyman DrWn)
 36875 | Swamp:3  | Noticed xfalz's ghost (journeyman GnSk)
 37042 | Swamp:4  | Entered Level 4 of the Swamp
 37583 | Swamp:4  | Reached skill level 3 in Translocations
 37672 | Swamp:4  | Received a gift from Okawaru
 37917 | Swamp:4  | Noticed a bone dragon
 38113 | Swamp:4  | Killed a bone dragon
 38113 | Swamp:4  | Received a gift from Okawaru
 38207 | Swamp:4  | Got a decaying rune of Zot
 38576 | Elf:1    | Entered Level 1 of the Elven Halls
 38800 | Elf:1    | Received a gift from Okawaru
 38841 | Elf:1    | Reached XP level 19. HP: 188/188 MP: 26/26
 38871 | Elf:1    | Found Tyishug's Magic Scroll Shop.
 38876 | Elf:1    | Bought a scroll of teleportation for 39 gold pieces
 38876 | Elf:1    | Bought a scroll of blinking for 97 gold pieces
 38876 | Elf:1    | Bought 2 scrolls of enchant armour for 195 gold pieces
 39046 | Elf:1    | Found a crumbling gateway.
 39074 | Desolati | Entered the Desolation of Salt
 39273 | Desolati | Received a gift from Okawaru
 39383 | Desolati | Reached skill level 6 in Stealth
 39393 | Desolati | Identified the ring "Vodamy" {rF+ rN+ MP+9 Str+3 Int-4}
 39545 | Desolati | Received a gift from Okawaru
 39846 | Desolati | Reached skill level 15 in Shields
 39859 | Desolati | Identified the ring "Koaby" {rPois rC+ rN+ Will+ SInv}
 39875 | Desolati | Identified the +1 chain mail of Lufyuv Xiaj {rElec Regen+
                  | Dex-3 Stlth+}
 39979 | Desolati | Reached skill level 3 in Dodging
 39980 | Desolati | Identified the +8 battleaxe "Hiphin" {flame, rElec rCorr
                  | Int+3 Dex-2}
 40109 | Desolati | Identified the ring of Payh {rF+ Will- rCorr SInv}
 40139 | Desolati | Received a gift from Okawaru
 40231 | Desolati | Got the Directory of Warped Darkness
 40410 | Desolati | Identified the +1 great sword of Ravage {spect, Dex+3}
 40660 | Elf:1    | Identified the +9 dagger "Zeojubeo" {freeze, *Corrode rPois
                  | Will++ SInv}
 40666 | Elf:1    | Reached skill level 6 in Dodging
 40792 | Elf:1    | Found Enae's General Store.
 40800 | Elf:1    | Bought a scroll of noise for 16 gold pieces
 40830 | Elf:1    | Found Lullid's Assorted Antiques.
 40884 | Elf:1    | Found Tul Fofo's Book Boutique.
 41000 | Elf:1    | Found Tuowibro's Weapon Emporium.
 41025 | Elf:1    | Reached XP level 20. HP: 201/201 MP: 27/27
 41036 | Elf:1    | Received a gift from Okawaru
 41224 | Elf:2    | Paralysed by an air elemental for 1 turns
 41226 | Elf:2    | Paralysed by an air elemental for 1 turns
 41228 | Elf:2    | Paralysed by an air elemental for 1 turns
 41436 | Elf:2    | Noticed jestert79's ghost (adept MfSh)
 41437 | Elf:2    | Found a runed translucent door.
 41456 | Elf:2    | Found a runed translucent gate.
 41457 | Elf:2    | Found a runed translucent gate.
 41457 | Elf:2    | Found a runed translucent gate.
 41524 | Elf:2    | Found Jexojumui's Distillery.
 41532 | Elf:2    | Bought a potion of haste for 120 gold pieces
 41532 | Elf:2    | Bought a potion of might for 48 gold pieces
 41532 | Elf:2    | Bought a potion of might for 48 gold pieces
 41532 | Elf:2    | Bought a potion of resistance for 120 gold pieces
 41605 | Elf:2    | Killed jestert79's ghost
 41910 | Elf:2    | Identified the +5 ring mail of Rotation {Int+6}
 42015 | Elf:3    | Entered Level 3 of the Elven Halls
 42817 | Elf:3    | Reached skill level 9 in Dodging
 42835 | Elf:3    | Identified the +4 chain mail "Lumafiri" {rCorr Stlth+}
 42928 | Elf:3    | Received a gift from Okawaru
 42963 | Elf:3    | Identified the +1 morningstar of Inflation {venom, *Rage
                  | ^Fragile rC+++ Str+7}
 43006 | Elf:3    | Identified the ring of Gesia {rElec rPois rN+ Will+ Stlth+}
 43061 | Elf:3    | Identified the +12 rapier of the Unkillable {pain, rN+++
                  | Will- rCorr Str+3}
 43061 | Elf:3    | Identified the ring of Ewadanga {rC+ rCorr MP+9 Dex+3
                  | Stlth+}
 43150 | Elf:3    | Identified the +1 broad axe "Cycsef Felea" {venom, rC+
                  | Will+}
 43351 | Elf:3    | Got the Secrets of Dimensional Attacks
 43364 | Elf:3    | Learned a level 2 spell: Lesser Beckoning
 43372 | Elf:3    | Got the Guide on the Cold Crucible
 43880 | Vaults:1 | Entered Level 1 of the Vaults
 43884 | Vaults:1 | Received a gift from Okawaru
 44400 | Vaults:1 | Reached skill level 18 in Fighting
 44441 | Vaults:1 | Reached skill level 1 in Evocations
 44875 | Vaults:1 | Noticed Boris
 44887 | Vaults:1 | Killed Boris
 44994 | Vaults:1 | Received a gift from Okawaru
 44995 | Vaults:1 | Reached XP level 21. HP: 212/212 MP: 28/28
 44998 | Vaults:1 | Reached skill level 3 in Evocations
 45185 | Vaults:2 | Reached skill level 9 in Stealth
 45917 | Vaults:2 | Received a gift from Okawaru
 46340 | Vaults:3 | Found a staircase to the Crypt.
 46632 | Vaults:3 | You fall into a shaft and drop 1 floor!
 46744 | Vaults:4 | Reached skill level 6 in Evocations
 46985 | Vaults:4 | Reached skill level 12 in Stealth
 46987 | Vaults:4 | Reached skill level 18 in Unarmed Combat
 47307 | Vaults:4 | Received a gift from Okawaru
 47968 | Vaults:3 | Found Gozethre's Magic Scroll Shoppe.
 47971 | Vaults:3 | Bought a scroll of fear for 60 gold pieces
 47971 | Vaults:3 | Bought a scroll of teleportation for 45 gold pieces
 47971 | Vaults:3 | Bought a scroll of noise for 15 gold pieces
 47998 | Vaults:3 | Found the +3 salamander hide armour {Flames, rFlCloud rF++
                  | rC--}
 48005 | Vaults:3 | Reached skill level 12 in Invocations
 48130 | Vaults:3 | Reached XP level 22. HP: 220/220 MP: 31/31
 48935 | Vaults:5 | Entered Level 5 of the Vaults
 48942 | Vaults:5 | Noticed a dread lich
 48947 | Vaults:5 | Killed a dread lich
 48963 | Vaults:5 | Noticed a dread lich
 48971 | Vaults:5 | Received a gift from Okawaru
 48972 | Vaults:5 | Reached skill level 9 in Evocations
 49497 | Vaults:5 | Noticed a golden dragon
 49500 | Vaults:5 | Killed a golden dragon
 49507 | Vaults:5 | Killed a dread lich
 49516 | Vaults:5 | Received a gift from Okawaru
 49760 | Vaults:5 | Identified the ring "Umotaikk" {+Blink rF+ Str+6 Int-3}
 49818 | Vaults:5 | Identified the +1 dagger of Tesauc {vamp, Int+2}
 49955 | Vaults:5 | Noticed a golden dragon
 49968 | Vaults:5 | Killed a golden dragon
 49968 | Vaults:5 | Received a gift from Okawaru
 49969 | Vaults:5 | Noticed Sojobo
 49978 | Arena    | Entered the Arena
 49982 | Arena    | Killed Sojobo
 50044 | Vaults:5 | Noticed Mennas
 50070 | Vaults:5 | Killed Mennas
 50070 | Vaults:5 | Received a gift from Okawaru
 50179 | Vaults:5 | Identified the +2 battleaxe "Keolek" {antimagic, Int+2
                  | Dex+3}
 50195 | Vaults:5 | Reached XP level 23. HP: 228/228 MP: 33/33
 50360 | Vaults:5 | Found the ring of the Octopus King {HP+2 AC+2 EV+2 SH+2
                  | SInv}
 50532 | Vaults:5 | Identified the orb of Fresh Beauty {light, Str+4}
 50532 | Vaults:5 | Noticed Frederick
 50538 | Arena    | Entered the Arena
 50540 | Arena    | Killed Frederick
 50556 | Vaults:5 | Received a gift from Okawaru
 50638 | Vaults:5 | Got a silver rune of Zot
 50687 | Vaults:5 | Gained mutation: Your body sometimes deteriorates upon
                  | taking damage. [a shining eye]
 50687 | Vaults:5 | Noticed a golden dragon
 50702 | Vaults:5 | Killed a golden dragon
 50758 | Vaults:5 | Identified the staff of Rinnaz {rElec Str+4 Int-2 Conj}
 51116 | Vaults:5 | Found Uxziacyli's Distillery.
 51132 | Vaults:5 | Bought a potion of heal wounds for 85 gold pieces
 51132 | Vaults:5 | Bought a potion of ambrosia for 136 gold pieces
 51367 | Crypt:1  | Entered Level 1 of the Crypt
 51534 | Crypt:1  | Found a basalt altar of Yredelemnul.
 51808 | Crypt:1  | Noticed Boris
 51814 | Crypt:1  | Killed Boris
 52078 | Crypt:1  | Received a gift from Okawaru
 52497 | Crypt:2  | Noticed Boris
 52522 | Crypt:1  | Killed Boris
 52765 | Crypt:1  | Received a gift from Okawaru
 52927 | Crypt:2  | Reached XP level 24. HP: 240/240 MP: 33/33
 53623 | Crypt:3  | Entered Level 3 of the Crypt
 53756 | Crypt:3  | Received a gift from Okawaru
 53827 | Crypt:3  | Reached skill level 6 in Translocations
 54164 | Crypt:3  | Noticed a dread lich
 54175 | Crypt:3  | Killed a dread lich
 54214 | Crypt:3  | Noticed Boris
 54218 | Crypt:3  | Received a gift from Okawaru
 54229 | Crypt:3  | Killed Boris
 54252 | Crypt:3  | Found a basalt altar of Yredelemnul.
 54275 | Crypt:3  | Identified the ring "Nife" {rPois rN+ Dex-4 Slay-4 SInv}
 54275 | Crypt:3  | Identified the ring "Ilehar" {rElec rN+ Int+3 Dex+4}
 54295 | Crypt:3  | Identified the +1 ring mail of Lust {rPois rCorr}
 54527 | Crypt:3  | Found a staircase to the Tomb.
 54546 | Crypt:3  | Got Zonguldrok's Cyclopedia of Evil Words
 55206 | D:8      | Bought a scroll of noise for 23 gold pieces
 55206 | D:8      | Bought a scroll of teleportation for 69 gold pieces
 55233 | D:8      | Bought a scroll of teleportation for 45 gold pieces
 55233 | D:8      | Bought a potion of curing for 45 gold pieces
 55244 | D:8      | Bought a condenser vane for 480 gold pieces
 55420 | Swamp:3  | Killed xfalz's ghost
 55425 | Swamp:3  | Killed xfalz's ghost
 55445 | Swamp:3  | Killed Zatibaps's ghost
 55451 | Swamp:3  | Killed Ykec Esm's ghost
 55898 | Depths:1 | Entered Level 1 of the Depths
 56091 | Depths:1 | Received a gift from Okawaru
 56365 | Elf:1    | Bought 2 potions of mutation for 528 gold pieces
 56732 | Depths:1 | Found a gateway to Hell.
 56734 | Depths:1 | Found a one-way gate to the infinite horrors of the Abyss.
 56975 | Depths:1 | Noticed a caustic shrike
 56986 | Depths:1 | Killed a caustic shrike
 57676 | Depths:1 | Reached skill level 18 in Shields
 57873 | Depths:1 | Received a gift from Okawaru
 58304 | Depths:2 | Reached XP level 25. HP: 251/251 MP: 33/33
 58431 | Depths:2 | Reached skill level 18 in Shapeshifting
 59157 | Depths:2 | Found a one-way gate leading to the halls of Pandemonium.
 59411 | Depths:2 | Received a gift from Okawaru
 59600 | Depths:2 | Reached skill level 21 in Unarmed Combat
 59823 | Depths:2 | Found a one-way gateway to a ziggurat.
 60216 | Depths:3 | Noticed Grunn
 60225 | Depths:3 | Killed Grunn
 60286 | Depths:3 | Identified the ring "Cyankia" {Ice rPois}
 60286 | Depths:3 | Noticed Josephina
 60296 | Depths:3 | Killed Josephina
 60398 | Depths:3 | Reached skill level 21 in Fighting
 60415 | Depths:3 | Found a transporter.
 60430 | Depths:3 | Noticed a juggernaut
 60523 | Depths:3 | Found a transporter.
 61030 | Depths:4 | Entered Level 4 of the Depths
 61065 | Depths:3 | Received a gift from Okawaru
 61862 | Depths:4 | Found a gate to the Realm of Zot.
 61962 | Depths:4 | Received a gift from Okawaru
 62246 | Depths:4 | Found a portal to a secret trove of treasure.
 62264 | Depths:4 | You paid a toll of 17 scrolls of teleportation to enter a
                  | treasure trove
 62265 | Trove    | Entered a treasure trove
 62272 | Trove    | Identified the +2 robe of Pan-Flutes {Int+3}
 62276 | Trove    | Identified the ring "Orutiqa" {Fly MP+9}
 62278 | Trove    | Identified the amulet "Iddacurph" {Spirit rElec rN+}
 62288 | Trove    | Identified the ring of the Wicked God {Fly Str-3 Int+7}
 62294 | Trove    | Identified the amulet of Uxinwaet {Spirit rF+ rC- Dex+6}
 62297 | Trove    | Identified the +0 falchion of Werim {drain, rElec rF+
                  | Dex+3}
 62371 | Depths:4 | Reached XP level 26. HP: 266/266 MP: 33/33
 62833 | Zot:1    | Entered Level 1 of the Realm of Zot
 62862 | Zot:1    | Noticed an orb of fire
 62868 | Zot:1    | Gained mutation: You are occasionally teleported next to
                  | monsters. [an orb of fire]
 62871 | Zot:1    | Killed an orb of fire
 62872 | Zot:1    | Lost mutation: You are occasionally teleported next to
                  | monsters. [potion of mutation]
 62872 | Zot:1    | Lost mutation: Your body sometimes deteriorates upon taking
                  | damage. [potion of mutation]
 62872 | Zot:1    | Gained mutation: You are robust. (+10% HP) [potion of
                  | mutation]
 62872 | Zot:1    | Gained mutation: You do not regenerate when monsters are
                  | visible. [potion of mutation]
 62872 | Zot:1    | Gained mutation: You possess an exceptional clarity of
                  | mind. [potion of mutation]
 63024 | Zot:1    | Received a gift from Okawaru
 63660 | Zot:1    | Noticed an orb of fire
 63661 | Zot:1    | Gained mutation: You are dopey. (Int -2) [an orb of fire]
 63666 | Zot:1    | Killed an orb of fire
 64146 | Zot:2    | Received a gift from Okawaru
 64769 | Zot:3    | Noticed a Killer Klown
 64788 | Zot:3    | Killed a Killer Klown
 64839 | Zot:3    | Noticed a Killer Klown
 64847 | Zot:3    | Killed a Killer Klown
 64847 | Zot:3    | Received a gift from Okawaru
 64869 | Zot:3    | Noticed a Killer Klown
 64876 | Zot:3    | Killed a Killer Klown
 64948 | Zot:3    | Noticed an ancient lich
 64954 | Zot:3    | Killed an ancient lich
 65004 | Zot:3    | Noticed a Killer Klown
 65016 | Zot:3    | Killed a Killer Klown
 65048 | Zot:3    | Received a gift from Okawaru
 65807 | Zot:3    | Identified the +7 spear of Dim Light {freeze, Will+}
 66193 | Zot:3    | Reached XP level 27. HP: 304/304 MP: 33/33
 66621 | Zot:4    | Received a gift from Okawaru
 66813 | Zot:4    | Noticed Parghit
 66824 | Zot:4    | Killed Parghit
 67648 | Zot:5    | Entered Level 5 of the Realm of Zot
 68317 | Zot:5    | Noticed an orb of fire
 68318 | Zot:5    | Noticed an orb of fire
 68395 | Zot:5    | Gained mutation: Your magical capacity is low. (-10% MP)
                  | [an orb of fire]
 68395 | Zot:5    | Noticed an orb of fire
 68397 | Zot:5    | Noticed an orb of fire
 68397 | Zot:5    | Gained mutation: Your magical capacity is very low. (-20%
                  | MP) [an orb of fire]
 68398 | Zot:5    | Noticed an orb of fire
 68398 | Zot:5    | Gained mutation: Your magical capacity is extremely low.
                  | (-30% MP) [an orb of fire]
 68408 | Zot:4    | Killed an orb of fire
 68411 | Zot:4    | Killed an orb of fire
 68630 | Zot:5    | Noticed an orb of fire
 68630 | Zot:5    | Gained mutation: Your body sometimes deteriorates upon
                  | taking damage. [an orb of fire]
 68643 | Zot:4    | Lost mutation: You are robust. (+10% HP) [an orb of fire]
 68644 | Zot:4    | Killed an orb of fire
 68644 | Zot:4    | Received a gift from Okawaru
 68661 | Zot:4    | Killed an orb of fire
 68703 | Zot:5    | Gained mutation: Your spells are a little easier to cast,
                  | but a little less powerful. [an orb of fire]
 68706 | Zot:5    | Killed an orb of fire
 68714 | Zot:5    | Lost mutation: You possess an exceptional clarity of mind.
                  | [an orb of fire]
 68724 | Zot:5    | Killed an orb of fire
 68737 | Zot:5    | Noticed a dread lich
 68740 | Zot:5    | Killed a dread lich
 68742 | Zot:5    | Noticed a dread lich
 68750 | Zot:5    | Killed a dread lich
 68757 | Zot:5    | Noticed an ancient lich
 68765 | Zot:5    | Killed an ancient lich
 68831 | Zot:5    | Received a gift from Okawaru
 68871 | Zot:5    | Noticed a dread lich
 68879 | Zot:5    | Killed a dread lich
 69628 | Zot:5    | Reached skill level 21 in Shapeshifting
 69847 | Zot:5    | Received a gift from Okawaru
 69928 | Zot:5    | Got the Orb of Zot
 70123 | Depths:2 | Gained mutation: Your spells are easier to cast, but less
                  | powerful. [a cacodemon]
 70246 | D:14     | Gained mutation: Your health recovers twice as slowly from
                  | being drained. [a cacodemon]
 70466 | D:2      | Noticed Ytwatarr the pandemonium lord
 70475 | Abyss:5  | Cast into level 5 of the Abyss (Ytwatarr)
 70486 | Abyss:5  | Found a corrupted altar of Lugonu.
 70591 | Abyss:5  | Reached skill level 21 in Shields
 70598 | D:2      | Escaped the Abyss
 70636 | D:$      | Escaped with the Orb!

Illustrated notes

Levels and vault maps discovered:
D:1:      lightli_arrival_maybe_door_vault, layout_basic,
          minmay_misc_feat_ornament, minmay_tripent
D:2:      layout_basic, uniq_terence, uniq_jessica, uniq_robin
D:3:      layout_loops_ring
D:4:      layout_loops_corners
D:5:      layout_gridville, fedhas_altar_3, nrook_campfire, uniq_pikel,
          uniq_duvessa
D:6:      minmay_skewed_foursquare, layout_loops_ring, uniq_menkaure,
          uniq_blork_the_orc, uniq_grinder, uniq_eustachio, uniq_prince_ribbit1
D:7:      layout_basic, temple_doors_ab, enter_bailey_6
D:8:      kennysheep_windowed_halls, layout_loops_ring, serial_shops,
          shop_statue, nicolae_shop_real_fake_doors,
          nicolae_shop_window_shopping, kennysheep_mini_moat,
          kennysheep_little_box, minmay_tree_intersection, nicolae_shop_gadgets
D:9:      layout_basic, nicolae_overflow_hallway_of_the_gods, lair_entry_dummy,
          serial_ice, serial_ice_j, serial_ice_a, serial_ice_c, serial_ice_h,
          serial_ice_f, guppyfry_early_elven_hall
D:10:     layout_basic
D:11:     layout_basic, gauntlet_entry_generic, serial_shops, shop_statue,
          uniq_erica
D:12:     layout_loops_cross, david_orc_5, nicolae_uskayaw_suspiria
D:13:     layout_cave_pods, disabler_island
D:14:     layout_grid_maze, lightli_vaults_fourway_checkpoint,
          small_statue_intersection, kb_tengu_band
D:15:     gammafunk_enter_depths_forms, layout_cave_pools,
          grunt_decor_arrowhead, nicolae_gozag_seed_capital
Temple:   nicolae_temple_superstar
Lair:1:   layout_cave_pods, uniq_amaemon
Lair:2:   layout_cave_pods, palyth_hydra_swamp_entry, dummy_snake_entry
Lair:3:   beast_lair_carwin_large_3, layout_regular_city, uniq_kirke
Lair:4:   layout_cave_shapes, nzn_sisyphean_effort, serial_bayou_shore_b,
          serial_bayou_shore_a, uniq_rupert
Lair:5:   guppyfry_lair_end_dragon, layout_hall_layers,
          hangedman_lair_tendril_chambers, nicolae_slime_entry_field_trip,
          basic_altar, fungi_pond_lemuel
Swamp:1:  layout_falls_marsh, hangedman_swamp_cone, swamp_pool_1_2,
          infiniplex_staircase_pool
Swamp:2:  cheibrodos_swamp_tower_of_moss, layout_basic_swamp,
          evilmike_swamp_ruin_rubble_1
Swamp:3:  layout_falls_marsh, gammafunk_ghost_cemetery,
          nicolae_swamp_triple_paths, infiniplex_staircase_pool_2,
          nicolae_swamp_long_stream
Swamp:4:  swamp_pestilence, layout_basic_swamp
Snake:1:  layout_misc_corridors, serial_shops, shop, grunt_megastairs_1,
          minmay_shop_grove
Snake:2:  layout_misc_corridors, lemuel_fruit_tree, serial_bayou_shore_b,
          grunt_megastairs_3, uniq_donald, uniq_louise, uniq_mlioglotl
Snake:3:  layout_onion
Snake:4:  grunt_snake_rune_serpentine_throne, layout_gridlike,
          nicolae_snake_linked_coils, hangedman_snake_thin_pillar_pass,
          guppyfry_snake_island, uniq_vashnia
Orc:1:    layout_caves, uniq_sonja
Orc:2:    grunt_orc_cross, layout_diamond_mine, serial_shops, shop,
          uniq_jorgrun, uniq_maurice, uniq_erolcha
Elf:1:    layout_onion_city, portal_desolation_entry_nicolae_forbidding_blocks,
          serial_shops, nicolae_shop_getting_attention,
          nicolae_book_shop_shelving, shop, nicolae_shop_peninsula,
          nicolae_shop_crystal, hangedman_elf_disciples
Elf:2:    elven_hall_of_blades_hangedman_original [nicolae_blade_tridents],
          layout_geoelf_grid, serial_shops, nicolae_diamond_shop,
          hellmonk_ghost_happy_afterlife
Elf:3:    minmay_elf_hall_statues, layout_loops_corners,
          ebering_dispersal_statue_hall, serial_library_hellmonk_semicircle
Vaults:1: grunt_vaults_twisty, nicolae_vaults_storage_closets_1,
          nicolae_vaults_house_2, nicolae_vaults_stepped_doors,
          hangedman_vaults_capsules, grunt_vaults_swirl,
          nicolae_vaults_storage_closets_2, nicolae_vaults_trapezoid_1,
          nicolae_vaults_trapezoid_lopsided_3, v_misc_24, vaults_mumra_lcd,
          nicolae_vaults_tetromino_Z_1, nicolae_vaults_two_Ls,
          layout_vaults_omnicross, uniq_boris
Vaults:2: hangedman_vaults_maws, vaults_room_corners, hangedman_vaults_unwind,
          nicolae_vaults_house_3, hangedman_vaults_slither,
          nicolae_vaults_tetromino_Z_2, nicolae_vaults_wine_cellar,
          ontoclasm_vaults_spin, nicolae_vaults_two_Ls, vaults_room_hallway,
          serial_ice_m, nicolae_vaults_trapezoid_layered,
          nicolae_vaults_enemy_cabinets, nicolae_vaults_offset_grid_hallway_1,
          layout_vaults_maze_bifur
Vaults:3: nicolae_vaults_shipping_containers_2, dpeg_vaults_monster_row,
          vaults_mumra_hexcomb, nicolae_vaults_variable_pillar_hall,
          nicolae_vaults_trapezoid_lopsided_1, v_misc_11, vaults_dpeg_ring,
          nicolae_vaults_mini_display_case, vaults_room_semicircle,
          layout_vaults_chaotic_city, serial_shops, nicolae_shop_rolled_up
Vaults:4: ontoclasm_vaults_ring_small, v_rooms_6, v_alt_pattern_6,
          nicolae_vaults_network_periphery, nicolae_vaults_trapezoid_lopsided_2,
          vaults_room_corners, nicolae_vaults_surprise_closet,
          layout_vaults_omnigrid
Vaults:5: serial_shops, uniq_mennas, uniq_frederick, uniq_sojobo
Crypt:1:  layout_chaotic_city, basic_altar, grunt_crypt_arrival_guarded_gate,
          grunt_megastairs_4
Crypt:2:  layout_misc_corridors, grunt_megastairs_2
Crypt:3:  cryptofortress_bobbens
Depths:1: minmay_spriggan_fort, layout_gridlike,
          nicolae_abyss_entry_one_way_or_another, hell_entry,
          serial_corexii_hall, chequers_hall_statues_y, corexii_hall_statues_u,
          fountainhead, evilmike_minifort, firewood_loft
Depths:2: hangedman_stitches_corridor, layout_gridlike, enter_ziggurat_d,
          rand_demon_pan_entry_9, abyss_entry, hell_entry
Depths:3: gammafunk_the_bubble [the_bubble_gammafunk_grid], layout_gridlike,
          chequers_serial_rivers_micro_e, abyss_entry, pf_hell_entry_tar_river,
          infiniplex_staircase_spiral_double, serial_bayou_shore_b, uniq_grunn,
          uniq_josephina
Depths:4: grunt_x_marks_the_spot, layout_basic, chequers_serial_rivers_micro_b,
          trove_entry_hex_spiral, hell_entry, abyss_entry_crystal,
          chequers_serial_rivers_room_a, grunt_ministairs_6,
          nicolae_lava_and_water, drop_trap
Zot:1:    layout_onion_interference, skrybe_zot_glass_1
Zot:2:    layout_misc_corridors
Zot:3:    ebering_klown_carousel, layout_basic
Zot:4:    layout_cathedral_of_symmetry, st_single_dragon_hoard_3,
          grunt_ministairs_9, uniq_parghit
Zot:5:    layout_basic

Skill      XL: |  1  2  3  4  5  6  7  8  9 10 11 12 13 14 15 16 17 18 19 20 21 22 23 24 25 26 27 |
---------------+----------------------------------------------------------------------------------+-----
Fighting       | 2 3 4 5 8 11 12 13 15 16 17 18 19 20 21 22 23 | 23.0
Unarmed Combat | 4 5 7 8 9 11 12 14 15 16 17 18 19 20 21 22 23 | 23.1
Shapeshifting  | 4 5 7 8 11 13 14 15 16 17 19 20 21 | 21.0
Invocations    | 3 6 7 8 10 12 14 | 14.0
Stealth        | 5 7 8 12 | 12.0
Shields        | 3 5 6 9 13 14 15 16 17 18 19 21 | 21.0
Throwing       | 5 |  5.0
Translocations | 4 8 |  8.0
Dodging        | 6 10 | 10.0
Evocations     | 2 8 10 | 10.0

Action                     |  1- 3 |  4- 6 |  7- 9 | 10-12 | 13-15 | 16-18 | 19-21 | 22-24 | 25-27 || total
---------------------------+-------+-------+-------+-------+-------+-------+-------+-------+-------++-------
  Melee: Unarmed           |   103 |   164 |   191 |   632 |   766 |   901 |  1004 |  1401 |  1320 ||  6482
         Punch             |     4 |       |    15 |     7 |     4 |       |       |       |       ||    30
         Constrict         |       |       |       |       |   173 |   181 |   214 |   238 |   214 ||  1020
  Throw: Dart              |       |     5 |     2 |       |       |       |       |       |       ||     7
         Boomerang         |       |       |     2 |       |     7 |    46 |    62 |    65 |    93 ||   275
         Stone             |       |       |       |       |     2 |       |       |       |       ||     2
         Javelin           |       |       |       |       |       |       |       |     4 |    21 ||    25
   Cast: Lesser Beckoning  |       |       |       |       |       |       |       |    13 |    85 ||    98
 Invoke: Heroism           |       |       |       |     5 |     2 |       |     1 |     7 |     7 ||    22
         Finesse           |       |       |       |       |     2 |       |     1 |     8 |     4 ||    15
         Duel              |       |       |       |       |     1 |       |       |     2 |       ||     3
Ability: Spit Poison       |    28 |    32 |    23 |    28 |    42 |     7 |       |       |       ||   160
  Evoke: Wand              |       |       |       |     8 |     5 |       |       |       |       ||    13
    Use: Potion            |       |     1 |       |     4 |       |     1 |       |    14 |     5 ||    25
         Scroll            |       |    10 |     8 |     7 |     5 |     7 |     7 |     4 |    13 ||    61
   Stab: Invisible         |       |       |       |     1 |       |       |       |       |       ||     1
         Sleeping          |       |       |       |       |     1 |     8 |    19 |     9 |     9 ||    46
         Distracted        |       |       |       |       |     1 |       |     2 |     2 |     3 ||     8
         Confused          |       |       |       |       |       |       |       |       |     1 ||     1
 Armour: Animal skin       |    22 |       |       |       |       |       |       |       |       ||    22
         Ring mail         |    78 |   120 |   122 |    25 |       |       |       |       |       ||   345
         Skin              |       |     1 |       |   457 |   916 |   701 |   595 |   641 |   881 ||  4192
         Leather armour    |       |       |       |    22 |       |       |       |       |       ||    22
  Dodge: Dodged            |    46 |    61 |    72 |   398 |   523 |   351 |   225 |   295 |   373 ||  2344
  Block: Buckler           |       |       |       |       |   236 |    50 |       |       |       ||   286
         Reflection        |       |       |       |       |    10 |   119 |   126 |    55 |    26 ||   336
         Tower shield      |       |       |       |       |     2 |  1272 |  1434 |  2121 |  1941 ||  6770
         Form:             |       |       |     2 |       |       |       |     1 |       |       ||     3
         Beast             |       |       |     2 |       |       |       |       |       |       ||     2
         Flux              |       |       |     1 |     1 |       |       |       |       |       ||     2
         Statue            |       |       |     1 |     1 |       |       |     1 |       |       ||     3
